 Dungeon Crawl Stone Soup version 0.32-a0-361-g289a535e89 (webtiles) character file.

Game seed: 14505645748371104255

109 dialectric the Trooper (level 4, -3/37 HPs)
             Began as a Coglin Fighter on Feb 18, 2024.
             Splashed by a jelly's acid (11 damage)
             ... on level 2 of the Dungeon.
             The game lasted 00:01:24 (1152 turns).

dialectric the Trooper (Coglin Fighter)             Turns: 1152, Time: 00:01:25

Health: -3/37      AC:  2    Str: 18    XL:     4   Next: 89%
Magic:  4/4        EV:  9    Int:  8    God:
Gold:   52         SH:  0    Dex: 13    Spells: 3/3 levels left

rFire   . . .        a - +0 trident {Fernando}
rCold   . . .        (no shield)
rNeg    . . .        b - +0 scale mail
rPois   .            (no helmet)
rElec   .            (no cloak)
rCorr   .            (no gloves)
SInv    .            (no boots)
Will    .....        (no amulet) Stlth
                     (no ring)
HPRegen 0.26/turn    (no ring)
MPRegen 0.09/turn

%: no passive effects
@: corroded, revved
A: off-hand wielding, slow wielding, warmup strikes, warmup strides
a: no special abilities


You were on level 2 of the Dungeon.
You visited 1 branch of the dungeon, and saw 2 of its levels.

You collected 88 gold pieces.
You spent 36 gold pieces at shops.

Inventory:

Hand Weapons
 a - a +0 trident (weapon) {Fernando}
Missiles
 e - 3 poisoned darts (quivered)
Armour
 b - a +0 scale mail (worn)
 c - a +0 buckler
Jewellery
 g - a ring of wizardry
Scrolls
 f - 2 scrolls of teleportation
 j - a scroll of fog {unknown}
 k - a scroll of identify {unknown}
 l - 3 scrolls of noise {unknown}
Potions
 d - a potion of ambrosia {unknown}
 h - a potion of curing
 i - 2 potions of haste {unknown}
 m - a potion of heal wounds {unknown}


   Skills:
 + Level 4.0 Fighting
 + Level 2.9 Polearms
 + Level 3.5 Armour
 - Level 2.1 Shields


You had 3 spell levels left.
You didn't know any spells.
Your spell library was empty.

Dungeon Overview and Level Annotations

Branches:
Dungeon (2/15)

Altars:
Ashenzari
Cheibriados
Dithmenos
Nemelex Xobeh
Uskayaw
The Shining One

Shops:
D:1 ?


Innate Abilities, Weirdness & Mutations

You can wield a second weapon in your off-hand.
It takes a long time for you to wield or remove held weapons.
Your first few attacks do less damage.
Your first movements take longer.


Message History

Something hits the fungus.
The fungus is splashed with acid.
You hit the endoplasm.
The endoplasm is almost dead.
The endoplasm freezes you.
You are frozen.
Something hits the fungus.
The fungus is splashed with acid.
The acid corrodes the fungus!
You hit the endoplasm.
You kill the endoplasm!
You hit the jelly.
Your graspers burn!
The jelly is lightly wounded.
The jelly hits the fungus.
The fungus is splashed with acid.
The fungus seems to be corroded for longer.
The jelly barely misses you.
You puncture the jelly!
Your graspers burn!
The jelly is almost dead.
Something hits the fungus.
The jelly hits the fungus.
The fungus is splashed with acid.
The fungus seems to be corroded for longer.
The jelly closely misses you.
The jelly hits the fungus.
The fungus is splashed with acid.
The fungus seems to be corroded for longer.
The jelly hits you. The acid corrodes you!
You are splashed with acid!
You hit the jelly.
Your graspers burn!
The jelly is almost dead.
The jelly closely misses you. The jelly hits you.
You are splashed with acid.
* * * LOW HITPOINT WARNING * * *
You barely miss the jelly.
The jelly is almost dead.
The jelly misses you.
Unknown command.
You puncture the jelly!
You kill the jelly!
Your Fighting skill increases to level 4!
Unknown command.
Unknown command.
The jelly attacks as it pursues you! The jelly closely misses you.
The jelly hits you.
* * * LOW HITPOINT WARNING * * *
You are splashed with acid!
You die...

#.... .#.# ... #######
#.# ##########..÷...#
#.####......##JJJ.P.P#
#..##)......#.#.....÷#
#..'))......#J#JJ__.P#
#..'.)......#J#J.....#
##.'...)..#'#@#__.P÷_#
#.##.....#.#.#..÷...#
#####.###....#.#.#.P.÷..#
#. . ..<...#
#######.##.....÷###.####.
#####.###########
#....... #........### ###
... ... ########...####.
#.. #.# #..
#........###..##.###.#
#...####..............


You could see 2 jellies and an endoplasm.

Vanquished Creatures
  A jelly (D:2)
  An adder (D:1)
  A dart slug (D:1)
  A ball python (D:1)
  5 bats
  6 endoplasms
  5 hobgoblins
  3 quokkas
  4 frilled lizards (D:1)
  3 goblins (D:1)
  6 kobolds
  4 rats (D:1)
40 creatures vanquished.

Notes
Turn   | Place    | Note
-------+----------+-------------------------------------------
     0 | D:1      | dialectric the Coglin Fighter began the quest for the Orb.
     0 | D:1      | Reached XP level 1. HP: 18/18 MP: 1/1
    73 | D:1      | Reached XP level 2. HP: 24/24 MP: 2/2
   206 | D:1      | Reached XP level 3. HP: 29/29 MP: 3/3
   744 | D:1      | Found Cicaak's Magic Scroll Emporium.
   747 | D:1      | Bought a scroll of teleportation for 36 gold pieces
   859 | D:1      | Reached XP level 4. HP: 3/37 MP: 4/4
  1138 | D:2      | Found a hide-covered altar of Uskayaw.
  1138 | D:2      | Found a shadowy altar of Dithmenos.
  1138 | D:2      | Found a glowing golden altar of the Shining One.
  1138 | D:2      | Found a snail-covered altar of Cheibriados.
  1138 | D:2      | Found a sparkling altar of Nemelex Xobeh.
  1138 | D:2      | Found a broken altar of Ashenzari.
  1152 | D:2      | Reached skill level 4 in Fighting
  1152 | D:2      | Splashed by a jelly's acid

Illustrated notes

Levels and vault maps discovered:
D:1:      dpeg_arrival_rooms_a, layout_basic, serial_shops,
          nicolae_shop_rolled_up
D:2:      cheibrodos_fertilizer, layout_loops_ring, basic_altar, minmay_bisected

Skill      XL: |  1  2  3  4 |
---------------+-------------+-----
Polearms       | 2 |  2.9
Armour         | 3 |  3.5
Fighting       | 4 |  4.0
Shields        | |  2.1

Action                     |  1- 3 |  4- 6 || total
---------------------------+-------+-------++-------
  Melee: Trident           |   101 |    35 ||   136
    Use: Potion            |     2 |       ||     2
 Armour: Scale mail        |    66 |    38 ||   104
  Dodge: Dodged            |    51 |    19 ||    70

Table legend: (Time is in decaauts)
 A = Elapsed time spent in this place.
 B = Non-inter-level travel time spent in this place.
 C = Inter-level travel time spent in this place.
 D = Time resting spent in this place.
 E = Time spent auto-exploring this place.
 F = Levels seen in this place.
 G = Mean time per level.
                   A        B        C        D        E       F      G
               +--------+--------+--------+--------+--------+-----+--------+
         Total |   1234 |   1230 |      4 |    129 |    817 |   2 |  617.0 |
       Dungeon |   1234 |   1230 |      4 |    129 |    817 |   2 |  617.0 |
               +--------+--------+--------+--------+--------+-----+--------+

Top non-repeatable levels by time:
     D:1: 1027 daAuts
     D:2: 207 daAuts
